 Dungeon Crawl Stone Soup version 0.25-a0-510-ge065f6de7d (webtiles) character file.

Game seed: 11670676868749733028, levelgen mode: deterministic

196 Eurus the Conjurer (level 5, -1/38 HPs)
             Began as a Mummy Conjurer on Feb 15, 2020.
             Slain by Blork the orc
             ... wielding a +0 scimitar
              (11 damage)
             ... on level 4 of the Dungeon.
             The game lasted 00:08:51 (3095 turns).

Eurus the Conjurer (Mummy Conjurer)                 Turns: 3095, Time: 00:08:52

Health: -1/38      AC:  2    Str: 11    XL:     5   Next: 46%
Magic:  10/10      EV: 12    Int: 15    God:
Gold:   148        SH:  0    Dex: 13    Spells: 4/11 levels left

rFire    x . .     SeeInvis .   k - +4 short sword (speed)
rCold    + . .     Gourm    .   (no shield)
rNeg     + + +     Faith    .   a - +0 robe
rPois    ∞         Spirit   .   (no helmet)
rElec    .         Reflect  .   (no cloak)
rCorr    .         Harm     .   (no gloves)
MR       .....                  (no boots)
Stlth    ++........             (no amulet)
HPRegen  0.12/turn              (no ring)
MPRegen  0.12/turn              (no ring)

@: no status effects
A: no food or potions, fire vulnerability, cold resistance 1, negative energy
resistance 3, torment resistance, unbreathing
a: no special abilities


You were on level 4 of the Dungeon.
You were not hungry.

You visited 1 branch of the dungeon, and saw 4 of its levels.

You collected 148 gold pieces.

Inventory:

Hand Weapons
 h - a +2 dagger of draining
 k - a +4 short sword of speed (weapon)
Armour
 a - a +0 robe (worn)
 j - a +0 buckler
Jewellery
 g - an uncursed amulet of harm
Scrolls
 b - a scroll of immolation
 f - a scroll of identify


   Skills:
 - Level 2.1 Fighting
 - Level 1.6 Armour
 - Level 1.5 Dodging
 - Level 1.5 Stealth
 * Level 0.2 Shields
 + Level 3.9 Spellcasting
 + Level 4.1 Conjurations
 + Level 1.0 Translocations


You had 4 spell levels left.
You knew the following spells:

 Your Spells              Type           Power        Failure   Level  Hunger
a - Magic Dart            Conj           ###.         3%          1    N/A
b - Searing Ray           Conj           ###...       4%          2    N/A
c - Iskenderun's Mystic   Conj/Tloc      ##......     52%         4    N/A

Your spell library contained the following spells:

 Spells                   Type           Power        Failure   Level  Hunger
 Dazzling Flash           Conj/Hex       #.....       24%         3    N/A
 Fulminant Prism          Conj/Hex       #.........   61%         4    N/A

Dungeon Overview and Level Annotations

Branches:
Dungeon (4/15)
 Temple: D:4-7

Altars:
Ru

Annotations:
D:1 2 exclusions
D:3 Sigmund
D:4 Blork the orc, Robin


Innate Abilities, Weirdness & Mutations

You do not eat or drink.
Your flesh is vulnerable to fire.
You are immune to poison.
Your flesh is cold resistant. (rC+)
You are immune to negative energy. (rN+++)
You are immune to unholy pain and torment.
You can survive without breathing.


Message History

Blork the orc is lightly wounded.
The worker ant bites you. The goblin hits you.
You barely miss Blork the orc.
Blork the orc is lightly wounded.
Blork the orc points at you and mumbles some strange words.
The puff of frost hits you. You resist. The worker ant bites you.
Blork the orc barely misses you.
You barely miss Blork the orc.
Blork the orc is lightly wounded.
The goblin closely misses you.
The worker ant bites you but does no damage.
You hit Blork the orc.
Blork the orc is moderately wounded.
Blork the orc hits you with a +0 scimitar.
The goblin misses you. The worker ant bites you.
* * * LOW HITPOINT WARNING * * *
You hit Blork the orc but do no damage.
Blork the orc is moderately wounded.
Blork the orc hits you with a +0 scimitar!
You die...

.......
#.......#
+.......#
#####.......#
$.##g.gg...#
#o##..g....#
#@##g......#
#gargg.....#
####gg.....#
#########


You could see Blork the orc, a worker ant, Robin, a quokka and 4 goblins.

Vanquished Creatures
  An orc priest (D:3)
  An orc wizard (D:3)
  5 adders
  2 oozes
  2 worms
  3 dart slugs
  3 leopard geckos
  10 orcs (D:3)
  7 bats
  3 giant cockroaches (D:3)
  7 hobgoblins
  3 quokkas
  A ball python (D:1)
  3 frilled lizards
  7 goblins
  9 kobolds
  2 rats
69 creatures vanquished.

Vanquished Creatures (others)
  A bat (D:1)
1 creature vanquished.

Grand Total: 70 creatures vanquished

Notes
Turn   | Place    | Note
-------+----------+-------------------------------------------
     0 | D:1      | Eurus the Mummy Conjurer began the quest for the Orb.
     0 | D:1      | Reached XP level 1. HP: 13/13 MP: 4/4
   439 | D:1      | Reached XP level 2. HP: 17/20 MP: 3/5
   443 | D:1      | Learned a level 2 spell: Searing Ray
  1108 | D:2      | Reached skill level 1 in Fighting
  1108 | D:2      | Reached XP level 3. HP: 26/26 MP: 4/7
  1243 | D:2      | Found a sacrificial altar of Ru.
  1311 | D:2      | Reached skill level 1 in Armour
  1772 | D:3      | Reached XP level 4. HP: 29/32 MP: 2/9
  1782 | D:3      | Learned a level 4 spell: Iskenderun's Mystic Blast
  2229 | D:3      | Reached skill level 4 in Conjurations
  2252 | D:3      | Reached XP level 5. HP: 28/38 MP: 3/10
  2487 | D:3      | Reached skill level 1 in Translocations
  2640 | D:3      | Noticed Sigmund
  3081 | D:4      | Noticed Robin
  3084 | D:4      | Noticed Blork the orc
  3095 | D:4      | Slain by Blork the orc

Levels and vault maps discovered:
D:1:      dpeg_arrival_concentric_ovals, layout_basic, kennysheep_crisscross,
          hangedman_decor_lopped, nrook_campfire, minmay_misc_feat_iff,
          lemuel_another_geyser
D:2:      layout_rooms, first_ration, hangedman_ru_absence
D:3:      layout_loops_ring, uniq_sigmund
D:4:      layout_basic, portal_sewer_entry_e, uniq_robin, uniq_blork_the_orc

Skill      XL: |  1  2  3  4  5 |
---------------+----------------+-----
Spellcasting   | 3 |  3.9
Fighting       | 1 2 |  2.1
Armour         | 1 |  1.6
Conjurations   | 4 |  4.1
Translocations | 1 |  1.0
Dodging        | |  1.5
Stealth        | |  1.5
Shields        | |  0.2

Action                   |  1- 3 |  4- 6 || total
-------------------------+-------+-------++-------
Melee: Whip              |    65 |    31 ||    96
       Short sword       |       |    17 ||    17
 Cast: Magic Dart        |    51 |    13 ||    64
       Searing Ray       |     3 |     6 ||     9
  Use: Scroll            |       |     4 ||     4
 Stab: Sleeping          |     2 |     2 ||     4
Armor: Robe              |    11 |     7 ||    18
Dodge: Dodged            |    59 |    35 ||    94

Table legend:
 A = Non-vault XP
 B = Vault XP
 C = Vault XP percentage of total XP
 D = Non-vault monster count
 E = Vault monster count
 F = Vault count percentage of total count
                 A         B        C        D         E       F
            +---------+---------+-------+---------+---------+-------
      Total |     281 |       0 |   0.0 |      69 |       0 |   0.0
            +---------+---------+-------+---------+---------+-------
        D:1 |      29 |       0 |   0.0 |      17 |       0 |   0.0
        D:2 |      52 |       0 |   0.0 |      17 |       0 |   0.0
        D:3 |     200 |       0 |   0.0 |      35 |       0 |   0.0
            +---------+---------+-------+---------+---------+-------
